 Dungeon Sprint DCSS version 0.27-a0-1113-gb2b6fe9c5e (webtiles) character file.

Game seed: 6141571576009734385

4489 Conn the Arsonist (level 10, -10/63 HPs)
             Began as an Octopode Fire Elementalist on May 1, 2021.
             Was a Priest of Sif Muna.
             Shot with a bolt by a yaktaur captain (42 damage)
             ... in the Dungeon (Sprint II: "The Violet Keep of Menkaure").
             The game lasted 00:28:11 (944 turns).

Conn the Arsonist (Octopode Fire Elementalist)       Turns: 944, Time: 00:28:12

Health: -10/63     AC:  1    Str:  9    XL:     10   Next: 38%
Magic:  2/24       EV: 15    Int: 20    God:    Sif Muna [***...]
Gold:   256        SH:  0    Dex: 12    Spells: 8/29 levels left

rFire    . . .     SeeInvis .   d - +0 spear (vamp)
rCold    . . .     Faith    .   (no shield)
rNeg     . . .     Spirit   .   (helmet restricted)
rPois    .         Reflect  .   (no amulet)
rElec    .         Harm     .   (no ring)
rCorr    .         Rampage  .   (no ring)
Will     .....     NoTele   +   (no ring)
Stlth    +++++.....             (no ring)
HPRegen  0.20/turn              (no ring)
MPRegen  0.19/turn              (no ring)
                                (no ring)
                                (no ring)

@: no status effects
A: almost no armour, amphibious, 8 rings, camouflage 1, gelatinous body 1,
(nimble swimmer 1), tentacles, deterioration 1
a: Renounce Religion, Channel Magic, Forget Spell


You were in the Dungeon.
You worshipped Sif Muna.
Sif Muna was most pleased with you.
You visited 1 branch You collected 729 gold pieces.
You spent 473 gold pieces at shops.

Inventory:

Hand Weapons
 d - a +0 vampiric spear (weapon)


   Skills:
 + Level 3.8 Fighting
 + Level 3.6 Polearms
 + Level 7.3 Dodging
 + Level 10.0 Stealth
 + Level 1.1 Unarmed Combat
 * Level 10.2 Spellcasting
 * Level 8.6 Conjurations
 + Level 2.0 Hexes
 - Level 6.1 Translocations
 + Level 12.4 Fire Magic
 + Level 2.0 Air Magic
 - Level 6.6 Poison Magic
 - Level 7.0 Invocations


You had 8 spell levels left.
You knew the following spells:

 Your Spells              Type           Power      Damage    Failure   Level
a - Foxfire               Conj/Fire      100%       2x1d9     1%          1
b - Conjure Flame         Conj/Fire      51%        6-21      1%          3
c - Inner Flame           Hex/Fire       39%        N/A       1%          3
d - Sticky Flame          Conj/Fire      51%        2d7       1%          4
e - Fireball              Conj/Fire      25%        3d11      2%          5
f - Blink                 Tloc           N/A        N/A       1%          2
g - Mephitic Cloud        Conj/Pois/Air  33%        N/A       1%          3

Your spell library contained the following spells:

 Spells                   Type           Power      Damage    Failure   Level
 Magic Dart               Conj           100%       1d8       1%          1
 Slow                     Hex            18%        N/A       4%          2
 Call Imp                 Summ           10%        N/A       11%         2


Dungeon Overview and Level Annotations

Branches:
Dungeon (1/1)

Altars:
Cheibriados
Dithmenos
Elyvilon
Fedhas
Gozag
Hepliaklqana
Kikubaaqudgha
Makhleb
Nemelex Xobeh
Okawaru
Qazlal
Ru
Sif Muna
Trog
Uskayaw
Vehumet
Wu Jian
Xom
Yredelemnul
Zin
The Shining One
Beogh
Jiyva
Lugonu

Shops:
D :?:!=?[:?=([(*!

Annotations:
D exclusions: oklob plant and orange crystal statue, Roxanne


Innate Abilities, Weirdness & Mutations

You cannot wear most types of armour.
You are amphibious.
You can wear up to eight rings at the same time.
Your skin changes colour to match your surroundings (Stealth+).
Your rubbery body absorbs attacks. (AC +1, EV +1)
((You are camouflaged near water. (Stealth+)))
You have tentacles for arms and can constrict up to eight enemies at once.
Your body sometimes deteriorates upon taking damage.


Message History

The elephant is lightly wounded.
You hear a shout!
Something barely misses the skeletal warrior.
The boulder beetle curls into a ball and begins rolling!
The elephant is engulfed in noxious fumes.
The elephant appears confused.
The elephant misses you. The elephant closely misses you.
The elephant is engulfed in noxious fumes.
Unknown command.
The skeletal warrior is engulfed in a cloud of scalding steam.
The elephant is engulfed in noxious fumes.
The elephant appears confused.
Casting: Mephitic Cloud (safe; 1% risk of failure)
Confirm with . or Enter, or press ? or * to list all spells.
Okay, then.
Blink to where?
Press: ? - help, Dir - move target
As you read the scroll of blinking, it crumbles to dust.
The boulder beetle barely misses you.
The boulder beetle stops rolling and uncurls.
The elephant is engulfed in noxious fumes.
The elephant appears confused.
Casting: Mephitic Cloud (safe; 1% risk of failure)
Confirm with . or Enter, or press ? or * to list all spells.
Okay, then.
You aren't carrying any potions.
Okay, then.
As you read the scroll of fear, it crumbles to dust.
You assume a fearsome visage.
The elephant resists with some effort.
The boulder beetle looks frightened!
The elephant is engulfed in noxious fumes.
The elephant appears confused.
The boulder beetle leaps!
The boulder beetle leaps!
There is an open door here.
The boulder beetle leaps!
You close the door.
The yaktaur captain wields a +0 arbalest.
The yaktaur captain shoots a bolt.
The bolt hits you!!!
Ouch! That really hurt!
You die...

c@####§§°≈§≈§≈≈# cK.≈##§.≈≈≈≈≈#
##########≈≈#'''#'''##
#########≈≈≈..≈§≈≈≈≈≈#
....∩.∩.#≈≈≈≈.##+##≈.#
...∩.∩..#≈≈≈≈##§#.##≈#### ^###
....∩..G#≈≈≈§#.###.#....# ...#
.⌠.∩....#≈z####.#.####..## #..#
..∩.∩...#§##.###@###.##..# +..#
...∩.∩..#≈#...##.##.###..# #^.#
....∩.∩.§§'###'.<÷§##.c..### ^.##
.....∩.∩#≈#..G##)##..)#....###...
▓▓▓▓▓▓###≈##.###'###.##......≈≈≈≈
[.Y######≈≈####...####≈≈...§.≈#'#
$.h#h ##≈≈≈#..#c.#≈≈≈≈§≈≈§.≈#..
∩P$+h #'#≈##...##≈≈≈§≈≈≈≈§≈#._
($) ( #[#≈≈##†##≈≈§≈§≈≈§≈≈≈#_.


You could see a yaktaur captain.

Vanquished Creatures
  Kirke (D)
  A boulder beetle (D)
  A centaur warrior (D)
  2 shining eyes (D)
  A merfolk siren (D)
  2 wyverns (D)
  A vampire mosquito (D)
  Menkaure (D)
  3 worms (D)
13 creatures vanquished.

Vanquished Creatures (others)
  A water moccasin (D)
  8 foxfires (D)
9 creatures vanquished.

Grand Total: 22 creatures vanquished

Notes
Turn   | Place    | Note
-------+----------+-------------------------------------------
     0 | D        | Conn the Octopode Fire Elementalist began the quest for the
                  | Orb.
     0 | D        | Reached XP level 1. HP: 11/11 MP: 3/3
     1 | D        | Noticed a boulder beetle
     1 | D        | Noticed a boulder beetle
     4 | D        | Noticed a merfolk siren
    55 | D        | Killed a merfolk siren
    56 | D        | Reached skill level 5 in Dodging
    56 | D        | Reached skill level 10 in Fire Magic
    56 | D        | Reached XP level 2. HP: 17/17 MP: 0/9
    56 | D        | Reached XP level 3. HP: 21/21 MP: 0/10
    56 | D        | Reached XP level 4. HP: 27/27 MP: 0/12
    56 | D        | Reached XP level 5. HP: 31/31 MP: 0/13
    56 | D        | Reached XP level 6. HP: 36/36 MP: 0/15
    67 | D        | Learned a level 3 spell: Conjure Flame
    71 | D        | Learned a level 3 spell: Inner Flame
    76 | D        | Learned a level 4 spell: Sticky Flame
    82 | D        | Learned a level 5 spell: Fireball
    88 | D        | Noticed a wyvern
    88 | D        | Noticed a wyvern
    97 | D        | Noticed an orange crystal statue
   100 | D        | Found Ugra's Distillery.
   110 | D        | Found a stormy altar of Qazlal.
   110 | D        | Found an ornate altar of the Wu Jian Council.
   111 | D        | Found a hazy altar of Hepliaklqana.
   111 | D        | Found a sacrificial altar of Ru.
   111 | D        | Found a shimmering altar of Xom.
   111 | D        | Found a glowing golden altar of the Shining One.
   112 | D        | Found a viscous altar of Jiyva.
   112 | D        | Found a shimmering blue altar of Sif Muna.
   113 | D        | Found a snail-covered altar of Cheibriados.
   113 | D        | Found an ancient bone altar of Kikubaaqudgha.
   113 | D        | Found a bloodstained altar of Trog.
   114 | D        | Found a shadowy altar of Dithmenos.
   114 | D        | Found a corrupted altar of Lugonu.
   115 | D        | Found a white marble altar of Elyvilon.
   115 | D        | Found a burning altar of Makhleb.
   116 | D        | Found a blossoming altar of Fedhas.
   118 | D        | Found an opulent altar of Gozag.
   118 | D        | Found a basalt altar of Yredelemnul.
   118 | D        | Found a hide-covered altar of Uskayaw.
   118 | D        | Found a sparkling altar of Nemelex Xobeh.
   119 | D        | Found a glowing silver altar of Zin.
   119 | D        | Found a radiant altar of Vehumet.
   119 | D        | Found an iron altar of Okawaru.
   122 | D        | Noticed a water moccasin
   125 | D        | Became a worshipper of Sif Muna the Loreminder
   151 | D        | Noticed Menkaure
   160 | D        | Killed Menkaure
   162 | D        | Noticed Roxanne
   166 | D        | Found Zowkoll's Weapon Shop.
   166 | D        | Found Suvveplu's General Store.
   167 | D        | Found Tyuzezanem's Jewellery Shop.
   167 | D        | Found Lujesaeh's Antique Weapon Shop.
   167 | D        | Found Hezebiyn's Antique Armour Boutique.
   168 | D        | Found Uluaseuz's Antique Armour Shop.
   168 | D        | Found Unemow's Book Boutique.
   168 | D        | Found Gecuqual's Magic Scroll Boutique.
   168 | D        | Found Erchiuj's Magic Scroll Shop.
   169 | D        | Found Lodury's Distillery.
   169 | D        | Found Nifirghu's Jewellery Boutique.
   169 | D        | Found Runuim's Book Boutique.
   170 | D        | Found Hapow's Magic Scroll Shop.
   170 | D        | Noticed a black bear
   173 | D        | Noticed a black bear
   173 | D        | Noticed a black bear
   173 | D        | Noticed an oklob plant
   174 | D        | Found Xevif's Book Shoppe.
   176 | D        | Noticed a death yak
   182 | D        | Noticed a polar bear
   197 | D        | Bought a book of Minor Magic for 200 gold pieces
   200 | D        | Learned a level 2 spell: Blink
   212 | D        | Noticed a polar bear
   214 | D        | Bought a potion of lignification for 42 gold pieces
   223 | D        | Bought a scroll of fear for 45 gold pieces
   232 | D        | Bought a glowing spear for 186 gold pieces
   241 | D        | Noticed a vampire mosquito
   250 | D        | Killed a vampire mosquito
   251 | D        | Reached skill level 1 in Translocations
   251 | D        | Reached skill level 11 in Fire Magic
   251 | D        | Reached skill level 1 in Invocations
   251 | D        | Reached XP level 7. HP: 15/41 MP: 2/17
   460 | D        | Noticed Kirke
   460 | D        | Noticed a skeletal warrior
   489 | D        | Reached * piety under Sif Muna
   522 | D        | Killed a wyvern
   525 | D        | Killed a wyvern
   525 | D        | Reached ** piety under Sif Muna
   526 | D        | Reached skill level 1 in Fighting
   526 | D        | Reached skill level 1 in Polearms
   526 | D        | Reached XP level 8. HP: 25/48 MP: 5/19
   549 | D        | Learned a level 3 spell: Mephitic Cloud
   668 | D        | Noticed a kobold demonologist
   669 | D        | Noticed a centaur warrior
   670 | D        | Noticed a yaktaur captain
   692 | D        | Killed Kirke
   693 | D        | Reached skill level 1 in Unarmed Combat
   693 | D        | Reached skill level 1 in Hexes
   693 | D        | Reached skill level 5 in Translocations
   693 | D        | Reached skill level 12 in Fire Magic
   693 | D        | Reached skill level 1 in Air Magic
   693 | D        | Reached skill level 5 in Poison Magic
   693 | D        | Reached XP level 9. HP: 45/55 MP: 13/21
   718 | D        | Killed a centaur warrior
   728 | D        | Killed a boulder beetle
   729 | D        | Reached XP level 10. HP: 11/63 MP: 5/23
   806 | D        | Noticed a shining eye
   809 | D        | Gained mutation: Your body sometimes deteriorates upon
                  | taking damage. [a shining eye]
   810 | D        | Killed a shining eye
   810 | D        | Reached *** piety under Sif Muna
   916 | D        | Noticed a shining eye
   919 | D        | Noticed a shining eye
   919 | D        | Noticed an elephant
   928 | D        | Killed a shining eye
   929 | D        | Reached skill level 10 in Stealth
   929 | D        | Reached skill level 10 in Spellcasting
   944 | D        | Shot with a bolt by a yaktaur captain

Illustrated notes

Levels and vault maps discovered:
D:        the_violet_keep_of_menkaure [sprint2_stairs_cluster_1,
          sprint2_shoproom, sprint2_temple, sprint2_basic_supplies,
          sprint2_obstacle_4, sprint2_obstacle_7, sprint2_obstacle_6,
          sprint2_obstacle_3, sprint2_obstacle_2, sprint2_timed_cluster_1,
          sprint2_smallroom_cluster_1, sprint2_smallroom_final_cluster_1,
          sprint2_transparent_cluster_1, sprint2_second_timed_cluster_1,
          sprint2_sniper_area_1, sprint2_heavy_combat_area_1,
          sprint2_mutation_trap_area_1, sprint2_forest_area_1,
          sprint2_light_combat_area_1, sprint2_behind_water_1,
          sprint2_near_end_vault_1]

Skill      XL: |  1  2  3  4  5  6  7  8  9 10 |
---------------+-------------------------------+-----
Dodging        | 5 6 7 |  7.3
Stealth        | 6 7 9 10 | 10.0
Spellcasting   | 6 7 8 9 10 | 10.2
Fire Magic     | 10 11 12 | 12.4
Conjurations   | 2 3 6 7 8 |  8.6
Translocations | 1 3 5 6 |  6.1
Invocations    | 1 3 6 7 |  7.0
Fighting       | 1 2 3 |  3.8
Polearms       | 1 2 3 |  3.6
Unarmed Combat | 1 |  1.1
Hexes          | 1 2 |  2.0
Air Magic      | 1 2 |  2.0
Poison Magic   | 5 6 |  6.6

Action                   |  1- 3 |  4- 6 |  7- 9 | 10-12 || total
-------------------------+-------+-------+-------+-------++-------
Melee: Unarmed           |    16 |       |       |       ||    16
       Tentacles         |     5 |       |     5 |       ||    10
       Constrict         |     1 |       |     4 |       ||     5
       Spear             |       |       |    19 |       ||    19
 Cast: Foxfire           |     3 |     3 |     1 |       ||     7
       Conjure Flame     |       |     2 |     2 |     1 ||     5
       Sticky Flame      |       |     1 |     7 |     1 ||     9
       Fireball          |       |     1 |     8 |     6 ||    15
       Blink             |       |     1 |       |     1 ||     2
       Inner Flame       |       |       |     1 |       ||     1
       Mephitic Cloud    |       |       |     3 |     2 ||     5
Invok: Channel Magic     |       |       |     1 |       ||     1
  Use: Potion            |     2 |       |     5 |       ||     7
       Scroll            |       |       |       |     2 ||     2
 Stab: Sleeping          |       |       |     3 |       ||     3
       Confused          |       |       |     1 |       ||     1
Armor: Skin              |       |       |    10 |       ||    10
Dodge: Dodged            |     2 |     2 |    10 |     3 ||    17

Table legend: (Time is in decaauts)
 A = Elapsed time spent in this place.
 B = Non-inter-level travel time spent in this place.
 C = Inter-level travel time spent in this place.
 D = Time resting spent in this place.
 E = Time spent auto-exploring this place.
 F = Levels seen in this place.
 G = Mean time per level.
                   A        B        C        D        E       F      G
               +--------+--------+--------+--------+--------+-----+--------+
         Total |    978 |    978 |      0 |    538 |      0 |   1 |  978.0 |
       Dungeon |    978 |    978 |      0 |    538 |      0 |   1 |  978.0 |
               +--------+--------+--------+--------+--------+-----+--------+

Top non-repeatable levels by time:
       D: 978 daAuts
